 Dungeon Sprint DCSS version 0.15.0 (webtiles) character file.

3632 staplegun the Warrior (level 9, -1/141 (145) HPs)
             Began as a Minotaur Berserker on Aug 28, 2014.
             Was the Champion of Trog.
             Slain by Harold
             ... wielding a +1 dire flail of distortion
              (21 damage)
             ... in the Dungeon (Sprint III: "The Ten Rune Challenge").
             The game lasted 00:05:08 (1992 turns).

staplegun the Warrior (Minotaur Berserker)          Turns: 1992, Time: 00:05:16

HP  -1/141 (145) AC  7     Str 30      XL: 9   Next: 87%
MP   2/2         EV 16     Int  4      God: Trog [******]
Gold 35          SH  0     Dex 12      Spells:  0 memorised,  8 levels left

rFire  . . .     SeeInvis .     c - +6 morningstar "Killer Bee's Doom" {antimagic, Dex+2}
rCold  . . .     Clarity  .     t - +0 ring mail
rNeg   . . .     rCorr    .     (no shield)
rPois  .         rRot     .     (helmet restricted)
rElec  .         Spirit   .     (no cloak)
SustAb .         Warding  .     (no gloves)
rMut   .         NoTele   +     (no boots)
Gourm  .                        (no amulet)
MR     ++...                    (no ring)
                                (no ring)

@: berserking, lethally poisoned, regenerating, slowed, very resistant to
hostile enchantments, extremely unstealthy
A: retaliatory headbutt, horns 2
a: Burn Spellbooks, Berserk, Trog's Hand, Brothers in Arms, Renounce Religion


You were in the Dungeon.
You worshipped Trog.
Trog was exalted by your worship.
You were not hungry.

You visited 1 branch You collected 35 gold pieces.

Inventory:

Hand weapons
 a - a +0 mace
 c - the +6 morningstar "Killer Bee's Doom" (weapon) {antimagic, Dex+2}
   (Trog gifted it to you in the Dungeon)

   It disrupts the flow of magical energy around spellcasters and certain
   magical creatures (including the wielder).
   It affects your dexterity (+2).
 s - a +1 antimagic great mace
Missiles
 l - 7 tomahawks of returning (quivered)
Armour
 b - a +0 animal skin
 t - a +0 ring mail (worn)
Magical devices
 j - a wand of random effects (7)
 r - a wand of magic darts (5)
Comestibles
 o - 27 royal jellies
Scrolls
 i - a scroll of blinking
 m - 4 scrolls of identify
 n - 3 scrolls of remove curse
Potions
 d - a potion of curing
 e - 2 potions of heal wounds
 f - a potion of haste
 g - 2 potions of magic
 h - a potion of berserk rage
 k - a potion of decay
 p - a potion of confusion
 q - 5 potions of flight


   Skills:
 + Level 15.5 Fighting
 + Level 14.8 Maces & Flails
 + Level 10.7 Armour
 + Level 11.1 Dodging
 - Level 2.1 Stealth
 - Level 2.9 Evocations


You had 8 spell levels left.
You didn't know any spells.

Dungeon Overview and Level Annotations

Branches:
Dungeon (1/1)

Altars:
Cheibriados
Dithmenos
Elyvilon
Fedhas
Kikubaaqudgha
Makhleb
Nemelex Xobeh
Okawaru
Qazlal
Sif Muna
Trog
Vehumet
Xom
Yredelemnul
Zin
The Shining One
Jiyva
Lugonu

Annotations:
D Harold, Joseph


Innate Abilities, Weirdness & Mutations

You reflexively headbutt those who attack you in melee.
You have a pair of horns on your head.


Message History

You feel sick.
Your stone giant disappears!
Harold gestures at you while chanting.
You feel a strange sense of stasis.
Use which ability? (? or * to list)
A red film seems to cover your vision as you go berserk!
You feel yourself moving faster!
You feel mighty!
You feel quite a bit more hungry.
You feel very sick. Harold casts a spell at you. The poison arrow hits you!
You are more poisoned.
* * * LOW HITPOINT WARNING * * *
You impale Harold!!
Harold's magic leaks into the air.
You headbutt Harold.
Harold is heavily wounded.
You feel very sick.
Harold hits you with a dire flail of distortion.
* * * LOW HITPOINT WARNING * * *
Space warps horribly around you!
You die...

#+###########################
#....#.#.#.....#.....^)...≈≈#
##.#..#.##)###)#.....)#...≈≈###
'##.#.#.##.#..##..^.(.#...≈≈≈≈#
#.).#..#..##.)'.......#...≈≈≈≈#
▓▓▓▓▓▓▓▓▓▓▓▓▓▓#....^..#.......#
#.......#.......#
+.......#.......#
#.@.^...######### ##@######
#(@.+ #...# #...# #####


You could see Harold and Joseph.

Vanquished Creatures
  Erolcha (D)
  A deep elf priest (D)
  A redback (D)
  2 trapdoor spiders (D)
  A shadow (D)
  2 hill giants (D)
  A necrophage (D)
  3 two-headed ogres (D)
  A water elemental (D)
  19 killer bees (D)
  A jelly (D)
  A wizard (D)
  A necromancer (D)
  3 humans (D)
  Jessica (D)
  A kobold demonologist (D)
  A phantom (D)
  2 oozes (D)
  A rat (D)
44 creatures vanquished.

Vanquished Creatures (collateral kills)
  A queen bee (D)
  13 killer bees (D)
14 creatures vanquished.

Vanquished Creatures (others)
  2 draconian scorchers (D)
  A yaktaur (D)
  An electric eel (D)
4 creatures vanquished.

Grand Total: 62 creatures vanquished

Notes
Turn   | Place    | Note
--------------------------------------------------------------
     0 | D        | staplegun, the Minotaur Berserker, began the quest for the Orb.
     0 | D        | Reached XP level 1. HP: 19/19 MP: 1/1
     9 | D        | Reached skill level 4 in Fighting
    24 | D        | Noticed Jessica
    27 | D        | Killed Jessica
    27 | D        | Acquired Trog's second power
    27 | D        | Reached skill level 5 in Fighting
    27 | D        | Reached skill level 5 in Maces & Flails
    27 | D        | Reached XP level 2. HP: 18/29 MP: 1/1
    83 | D        | Killed a yaktaur
   156 | D        | Reached skill level 6 in Fighting
   156 | D        | Reached XP level 3. HP: 37/37 MP: 2/2
   279 | D        | Killed a white draconian scorcher
   293 | D        | Killed a white draconian scorcher
   463 | D        | Noticed a water elemental
   466 | D        | Killed a water elemental
   466 | D        | Reached skill level 7 in Fighting
   466 | D        | Reached skill level 1 in Evocations
   466 | D        | Reached XP level 4. HP: 45/45 MP: 2/2
   495 | D        | Found a radiant altar of Vehumet.
   495 | D        | Found a deep blue altar of Sif Muna.
   495 | D        | Found an ancient bone altar of Kikubaaqudgha.
   495 | D        | Noticed a wizard
   499 | D        | Killed a wizard
   499 | D        | Reached skill level 8 in Fighting
   502 | D        | Reached XP level 5. HP: 51/53 MP: 3/3
   519 | D        | Found a glowing silver altar of Zin.
   519 | D        | Found a glowing golden altar of the Shining One.
   519 | D        | Found a white marble altar of Elyvilon.
   520 | D        | Noticed a deep elf priest
   527 | D        | Killed a deep elf priest
   527 | D        | Reached skill level 10 in Fighting
   527 | D        | Reached skill level 10 in Maces & Flails
   527 | D        | Reached skill level 5 in Armour
   527 | D        | Reached skill level 5 in Dodging
   527 | D        | Reached skill level 1 in Stealth
   527 | D        | Reached XP level 6. HP: 26/64 MP: 4/4
   721 | D        | Found an iron altar of Okawaru.
   721 | D        | Found a bloodstained altar of Trog.
   721 | D        | Noticed a human
   722 | D        | Noticed a human
   730 | D        | Killed a human
   730 | D        | Received a gift from Trog
   730 | D        | Reached skill level 11 in Fighting
   736 | D        | Killed a human
   736 | D        | Reached skill level 12 in Fighting
   736 | D        | Reached XP level 7. HP: 14/74 MP: 5/5
   763 | D        | Acquired Trog's third power
   931 | D        | Killed an electric eel
  1024 | D        | Found a basalt altar of Yredelemnul.
  1024 | D        | Found a snail-covered altar of Cheibriados.
  1024 | D        | Found a blossoming altar of Fedhas.
  1024 | D        | Noticed a necrophage
  1024 | D        | Noticed a necromancer
  1026 | D        | Killed a necromancer
  1030 | D        | Killed a necrophage
  1037 | D        | Noticed a jelly
  1043 | D        | Noticed a shadow
  1044 | D        | Killed a jelly
  1051 | D        | Killed a shadow
  1051 | D        | Reached skill level 13 in Fighting
  1130 | D        | Found a stormy altar of Qazlal.
  1131 | D        | Found a burning altar of Makhleb.
  1131 | D        | Found a viscous altar of Jiyva.
  1131 | D        | Found a shimmering altar of Xom.
  1131 | D        | Found a shadowy altar of Dithmenos.
  1131 | D        | Found a sparkling altar of Nemelex Xobeh.
  1131 | D        | Found a corrupted altar of Lugonu.
  1131 | D        | Noticed a spatial vortex
  1138 | D        | Noticed a two-headed ogre
  1138 | D        | Noticed a two-headed ogre
  1141 | D        | Noticed a two-headed ogre
  1147 | D        | Killed a two-headed ogre
  1153 | D        | Killed a two-headed ogre
  1153 | D        | Reached XP level 8. HP: 74/83 MP: 6/6
  1157 | D        | Killed a two-headed ogre
  1157 | D        | Received a gift from Trog
  1207 | D        | Noticed a hill giant
  1212 | D        | Killed a hill giant
  1365 | D        | Noticed a hill giant
  1365 | D        | Noticed Erolcha
  1371 | D        | Killed Erolcha
  1371 | D        | Reached skill level 14 in Fighting
  1375 | D        | Killed a hill giant
  1629 | D        | Noticed a redback
  1636 | D        | Killed a redback
  1636 | D        | Received a gift from Trog
  1636 | D        | Reached XP level 9. HP: 73/93 MP: 2/8
  1728 | D        | Noticed a killer bee
  1728 | D        | Noticed a killer bee
  1728 | D        | Noticed a killer bee
  1729 | D        | Noticed a killer bee
  1729 | D        | Noticed a killer bee
  1729 | D        | Noticed a killer bee
  1730 | D        | Killed a killer bee
  1731 | D        | Noticed a killer bee
  1731 | D        | Noticed a killer bee
  1732 | D        | Noticed a killer bee
  1732 | D        | Noticed a killer bee
  1733 | D        | Noticed a killer bee
  1733 | D        | Noticed a killer bee
  1734 | D        | Killed a killer bee
  1735 | D        | Noticed a killer bee
  1736 | D        | Noticed a killer bee
  1737 | D        | Killed a killer bee
  1738 | D        | Noticed a killer bee
  1738 | D        | Killed a killer bee
  1739 | D        | Noticed a killer bee
  1741 | D        | Noticed a killer bee
  1742 | D        | Killed a killer bee
  1743 | D        | Noticed a killer bee
  1745 | D        | Noticed a killer bee
  1745 | D        | Killed a killer bee
  1746 | D        | Killed a killer bee
  1746 | D        | Received a gift from Trog
  1747 | D        | Noticed a killer bee
  1747 | D        | Killed a killer bee
  1747 | D        | Reached skill level 10 in Dodging
  1748 | D        | Killed a killer bee
  1749 | D        | Killed a killer bee
  1750 | D        | Noticed a killer bee
  1750 | D        | Killed a killer bee
  1752 | D        | Noticed a killer bee
  1752 | D        | Killed a killer bee
  1752 | D        | Received a gift from Trog
  1753 | D        | Killed a killer bee
  1753 | D        | Reached skill level 15 in Fighting
  1755 | D        | Killed a killer bee
  1756 | D        | Noticed a killer bee
  1759 | D        | Noticed a killer bee
  1759 | D        | Killed a killer bee
  1760 | D        | Noticed a killer bee
  1760 | D        | Noticed a killer bee
  1761 | D        | Noticed a killer bee
  1762 | D        | Noticed a killer bee
  1765 | D        | Killed a killer bee
  1766 | D        | Killed a killer bee
  1767 | D        | Killed a killer bee
  1767 | D        | Killed a killer bee
  1768 | D        | Killed a killer bee
  1769 | D        | Noticed a killer bee
  1769 | D        | Killed a killer bee
  1770 | D        | Killed a killer bee
  1770 | D        | Reached skill level 10 in Armour
  1771 | D        | Noticed a killer bee
  1771 | D        | Noticed a queen bee
  1771 | D        | Killed a killer bee
  1772 | D        | Killed a killer bee
  1773 | D        | Killed a queen bee
  1774 | D        | Killed a killer bee
  1775 | D        | Noticed a killer bee
  1775 | D        | Killed a killer bee
  1776 | D        | Noticed a killer bee
  1776 | D        | Killed a killer bee
  1777 | D        | Killed a killer bee
  1777 | D        | Received a gift from Trog
  1778 | D        | Killed a killer bee
  1779 | D        | Killed a killer bee
  1780 | D        | Killed a killer bee
  1781 | D        | Killed a killer bee
  1783 | D        | Received a gift from Trog
  1783 | D        | Received a gift from Trog
  1784 | D        | Got a brightly glowing morningstar {god gift}
  1785 | D        | Identified the +6 morningstar "Killer Bee's Doom" {antimagic, Dex+2} (Trog gifted it to you in the Dungeon)
  1846 | D        | Noticed a trapdoor spider
  1953 | D        | Noticed a trapdoor spider
  1958 | D        | Killed a trapdoor spider
  1962 | D        | Killed a trapdoor spider
  1983 | D        | Noticed Harold
  1983 | D        | Noticed Joseph
  1992 | D        | Slain by Harold

Action                   |  1- 3 |  4- 6 |  7- 9 || total
-------------------------+-------+-------+-------++-------
Melee: Mace              |    14 |    24 |    26 ||    64
       Great mace        |       |       |    68 ||    68
       Morningstar       |       |       |    10 ||    10
Invok: Berserk           |     2 |     1 |     1 ||     4
       Trog's Hand       |       |       |     4 ||     4
       Brothers in Arms  |       |       |     2 ||     2
Evoke: Wand              |     3 |       |     5 ||     8
  Use: Scroll            |     2 |       |       ||     2
       Potion            |     2 |       |       ||     2
  Eat: Bread ration      |       |     1 |     1 ||     2
